 Dungeon Crawl Stone Soup version 0.25.1-1-g288607f5aa (webtiles) character file.

Game seed: 2452077283293041348

28 Atelerd the Magician (level 3, -3/21 HPs)
             Began as an Octopode Wizard on July 27, 2020.
             Slain by Natasha (9 damage)
             ... on level 2 of the Dungeon.
             The game lasted 00:01:45 (1277 turns).

Atelerd the Magician (Octopode Wizard)              Turns: 1277, Time: 00:01:45

Health: -3/21      AC:  1    Str:  6    XL:     3   Next: 12%
Magic:  4/7        EV: 13    Int: 21    God:
Gold:   58         SH:  0    Dex: 10    Spells: 2/8 levels left

rFire    + . .     SeeInvis .   b - +0 dagger
rCold    + . .     Gourm    .   (no shield)
rNeg     . . .     Faith    .   a - +0 hat
rPois    +         Spirit   .   (no amulet)
rElec    +         Reflect  .   (no ring)
rCorr    +         Harm     .   (no ring)
MR       .....                  (no ring)
Stlth    +++.......             (no ring)
HPRegen  0.07/turn              (no ring)
MPRegen  0.10/turn              (no ring)
                                (no ring)
                                (no ring)

@: resistant, very slightly contaminated
A: almost no armour, stealthy swim, amphibious, 8 rings, constrict 8, camouflage
1, gelatinous body 1
a: no special abilities


You were on level 2 of the Dungeon.
You were not hungry.

You visited 1 branch of the dungeon, and saw 2 of its levels.

You collected 58 gold pieces.

Inventory:

Hand Weapons
 b - a +0 dagger (weapon)
Armour
 a - a +0 hat (worn)
Scrolls
 d - a scroll of enchant armour {unknown}
 e - 2 scrolls of immolation {unknown}
 j - a scroll of teleportation {unknown}
 k - 3 scrolls of identify {unknown}
Comestibles
 c - a ration
 f - a chunk of flesh


   Skills:
 - Level 2.0 Dodging
 - Level 2.6 Stealth
 + Level 3.3 Spellcasting
 * Level 2.4 Conjurations
   Level 1.0 Summonings
 - Level 1.0 Translocations


You had 2 spell levels left.
You knew the following spells:

 Your Spells              Type           Power        Failure   Level  Hunger
a - Magic Dart            Conj           ##..         4%          1    None
b - Mephitic Cloud        Conj/Pois/Air  #.......     28%         3    ###....
c - Blink                 Tloc           N/A          13%         2    ##.....

Your spell library contained the following spells:

 Spells                   Type           Power        Failure   Level  Hunger
 Call Imp                 Summ           #.......     13%         2    ##.....
 Slow                     Hex            #.......     19%         2    ##.....
 Conjure Flame            Conj/Fire      #.......     24%         3    ###....


Dungeon Overview and Level Annotations

Branches:
Dungeon (2/15)

Altars:

Annotations:
D:2 Natasha


Innate Abilities, Weirdness & Mutations

You cannot wear most types of armour.
You are very stealthy in the water. (Stealth+)
You are amphibious.
You can wear up to eight rings at the same time.
You can use your tentacles to constrict eight enemies at once.
Your skin changes colour to match your surroundings (Stealth+).
Your rubbery body absorbs attacks. (AC +1, EV +1)


Message History

Natasha stares at you and mumbles some strange words.
The magic dart hits you.
Casting: Mephitic Cloud (potentially lethal; 28% risk of failure)
Confirm with . or Enter, or press ? or * to list all spells.
The spell is potentially lethal to cast (28% risk of failure)!
Continue anyway?
Aiming: Mephitic Cloud (potentially lethal; 28% risk of failure)
Press: ? - help, Shift-Dir - straight line, f/p - Natasha
Aim: Natasha The ball explodes into a vile cloud!
The stinking cloud engulfs Natasha but does no damage.
The stinking cloud engulfs you but does no damage.
Natasha is engulfed in noxious fumes.
Natasha appears confused.
Natasha claws you.
* * * LOW HITPOINT WARNING * * *
You're standing in a cloud of noxious fumes!
Unknown command.
Natasha is engulfed in noxious fumes.
Natasha appears confused.
Unknown command.
Natasha claws you!
You die...

## # #..
.. #.#
.##.
##.##....
.....)..
#.....
#####..#
#.(....##
#.###.@(#
#.# #○#h#
#.# #.○.#
#.# ##.##
#.# .#
#.# .#
#.# .#
#.# .#
#.# .#


You could see Natasha (confused).

Vanquished Creatures
  2 worms (D:2)
  2 dart slugs
  A leopard gecko (D:1)
  2 goblins (D:1)
  A hobgoblin (D:2)
  3 kobolds
  3 bats
  2 frilled lizards (D:1)
  4 rats (D:1)
20 creatures vanquished.

Notes
Turn   | Place    | Note
-------+----------+-------------------------------------------
     0 | D:1      | Atelerd the Octopode Wizard began the quest for the Orb.
     0 | D:1      | Reached XP level 1. HP: 11/11 MP: 4/4
   348 | D:1      | Reached XP level 2. HP: 17/17 MP: 6/6
  1005 | D:2      | Reached XP level 3. HP: 4/21 MP: 1/7
  1010 | D:2      | Learned a level 3 spell: Mephitic Cloud
  1013 | D:2      | Learned a level 2 spell: Blink
  1263 | D:2      | Noticed Natasha
  1277 | D:2      | Slain by Natasha

Illustrated notes

Levels and vault maps discovered:
D:1:      sevenhm_arrival_forest_fort_small_4, layout_basic
D:2:      layout_loops_ring, kennysheep_slug_shrine, patterned_corridor,
          uniq_natasha

Skill      XL: |  1  2 |
---------------+-------+-----
Conjurations   | 2 |  2.4
Dodging        | |  2.0
Stealth        | |  2.6
Spellcasting   | |  3.3
Summonings     | |  1.0
Translocations | |  1.0

Action                   || total
-------------------------++-------
Melee: Dagger            ||    35
       Constrict         ||     9
       Tentacles         ||     6
       Unarmed           ||     1
 Cast: Magic Dart        ||    20
       Mephitic Cloud    ||     1
  Use: Potion            ||     4
 Stab: Sleeping          ||     7
  Eat: Chunk             ||     1
Armor: Skin              ||     2
Dodge: Dodged            ||    29
